 Dungeon Crawl Stone Soup version 0.17-a0-1481-gfdcec5c (webtiles) character file.

62 Fluffy the Skirmisher (level 3, -1/29 HPs)
             Began as a Demonspawn Abyssal Knight on July 4, 2015.
             Was a Believer of Lugonu.
             Slain by a white imp (2 damage)
             ... summoned by Natasha
             ... on level 2 of the Dungeon.
             The game lasted 00:03:52 (2079 turns).

Fluffy the Skirmisher (Demonspawn Abyssal Knight)   Turns: 2079, Time: 00:03:52

Health: -1/29      AC:  6    Str: 13    XL:     3   Next: 85%
Magic:  5/5        EV:  9    Int: 13    God:    Lugonu [**....]
Gold:   96         SH:  0    Dex: 12    Spells: 0 memorised, 2 levels left

rFire  . . .     SeeInvis .     a - +1 hand axe
rCold  . . .     Clarity  .     k - +0 scale mail
rNeg   . . .     SustAt   .     (no shield)
rPois  .         Gourm    .     (no helmet)
rElec  .         Spirit   .     (no cloak)
rCorr  .         Warding  .     (no gloves)
rMut   .         Stasis   .     (no boots)
MR     .....                    (no amulet)
Stlth  ..........               (no ring)
                                (no ring)

@: confused, slowed, very slow, not resistant to hostile enchantments, extremely
unstealthy
A: talons 2
a: Depart the Abyss, Bend Space, Renounce Religion


You were on level 2 of the Dungeon.
You worshipped Lugonu.
Lugonu was pleased with you.
You were not hungry.

You visited 1 branch of the dungeon, and saw 2 of its levels.
You visited the Abyss 1 time.

You collected 96 gold pieces.

Inventory:

Hand weapons
 a - a +1 hand axe (weapon)
Armour
 k - a +0 scale mail (worn)
Scrolls
 f - a scroll of immolation
Potions
 b - a potion of brilliance {unknown}
 d - a potion of curing {unknown}
 e - 2 potions of degeneration {unknown}
 h - a potion of cancellation
 j - a potion of heal wounds
Comestibles
 c - a bread ration
 g - a beef jerky
 i - a meat ration


   Skills:
 + Level 3.4 Fighting
 + Level 2.2 Axes
 + Level 2.2 Armour
 + Level 1.4 Dodging
 + Level 3.4 Invocations


You had 2 spell levels left.
You didn't know any spells.

Dungeon Overview and Level Annotations

Branches:
Dungeon (2/15)

Altars:
Ashenzari
Makhleb

Annotations:
D:2 Natasha


Innate Abilities, Weirdness & Mutations

You have razor-sharp toenails.


Message History

Natasha wildly gestures.
Natasha glows brightly for a moment.
Natasha zaps a wand.
You are more confused.
You miss Natasha.
Natasha is almost dead.
You closely miss the white imp. The white imp barely misses you.
Natasha closely misses you. The white imp gestures at you.
The puff of frost hits you!
* * * LOW HITPOINT WARNING * * *
You bump into the rock wall.
Natasha zaps a wand.
You are more confused.
The white imp gestures at you. The puff of frost hits you!
* * * LOW HITPOINT WARNING * * *
Natasha mumbles some strange words.
Natasha shimmers violently.
Natasha claws you but does no damage. The white imp hits you.
You die...

* ##...###.##...#####.#.#.# ****
#.....##.###### #.#.#.. ,,,*
#.....##.#### #.#.#..
,,*****##.....##....# #.#.#÷.
,,*,,,...........##.# #.#.#..
,,*,**###.....##.##.##### #.#....
,,*,,,....##.###........# #.#....
,,****####*#.#######....###......
,,,* #...h@5§.............. ****
###.#######.#####..... #.# #.#
#..... #.# #.# ###.## #.# #.# #.#
#.# ##.#######.## #.#
*##.......#.#.
#.#***#########...#† #.......###
###...


You could see Natasha and a white imp.

Vanquished Creatures
  2 adders (D:2)
  A giant gecko (D:1)
  2 giant cockroaches (D:1)
  3 hobgoblins (D:1)
  12 bats
  2 giant newts (D:1)
  8 goblins
  7 kobolds
  6 rats
43 creatures vanquished.

Notes
Turn   | Place    | Note
--------------------------------------------------------------
     0 | Abyss:1  | Fluffy the Demonspawn Abyssal Knight began the quest for the Orb.
     0 | Abyss:1  | Reached XP level 1. HP: 18/18 MP: 2/2
    11 | D:1      | Escaped the Abyss
    82 | D:1      | Reached skill level 1 in Dodging
   152 | D:1      | Gained mutation: You have sharp toenails. [demonic ancestry]
   152 | D:1      | Reached XP level 2. HP: 1/24 MP: 3/3
   768 | D:1      | Found a shattered altar of Ashenzari.
  1035 | D:1      | Acquired Lugonu's second power
  1307 | D:2      | Gained mutation: You have razor-sharp toenails. [demonic ancestry]
  1307 | D:2      | Reached XP level 3. HP: 26/29 MP: 5/5
  1429 | D:2      | Found a burning altar of Makhleb.
  2053 | D:2      | Noticed Natasha
  2079 | D:2      | HP: 1/29 [white imp/puff of frost[Natasha] (6)]
  2079 | D:2      | Slain by a white imp

Vault maps used:
D:1:      noname_arrival_rooms_in_the_neighbourhood,
          nicolae_ashenzari_panopticon
D:2:      lightli_temple_of_fire, serial_co_window_serial, co_window_corner_a,
          co_window_paths_a, co_window_of_opportunity_a,
          co_window_of_opportunity_a, co_window_paths_b, co_window_2corner,
          co_window_2corner, co_window_broadway_c, glass_columns_a,
          glass_columns_a, st_stairs_10, minivault_25, uniq_natasha
Abyss:1:  hangedman_decor_peaks_small

Action                   || total
-------------------------++-------
Melee: Hand axe          ||   166
  Use: Scroll            ||     6
  Eat: Chunk             ||     4
